 Dungeon Crawl Stone Soup version 0.16-a0-1377-g5fe55b6 (webtiles) character file.

204921 Psiweapon the Grappler (level 18, -7/176 HPs)
             Began as a Minotaur Transmuter on Oct 19, 2014.
             Was the Champion of Cheibriados.
             Mangled by a merfolk impaler
             ... wielding a +2 trident of venom
              (11 damage)
             ... on level 2 of the Shoals on Oct 20, 2014.
             The game lasted 05:59:51 (40879 turns).

Psiweapon the Grappler (Minotaur Transmuter)       Turns: 40879, Time: 05:59:51

Health: -7/176     AC:  8    Str: 30    XL:     18   Next: 2%
Magic:  0/32       EV: 20    Int: 34    God:    Cheibriados [******]
Gold:   2954       SH:  0    Dex: 35    Spells: 10 memorised, 6 levels left

rFire  x . .     SeeInvis .     n - melded staff of power
rCold  + + +     Clarity  +     J - melded +3 leather armour {rPois}
rNeg   . . .     SustAb   .     h - melded +1 shield {AC+3}
rPois  +         Gourm    .     (helmet unavailable)
rElec  .         Spirit   +     N - melded +2 cloak of the Thief {+Fog Slay-2 SInv Stlth+}
rCorr  .         Warding  .     t - melded +2 pair of gloves {archery}
rMut   .         Stasis   .     f - melded +1 pair of boots
MR     +++..                    x - amulet of guardian spirit
Stlth  ++++......               D - ring of the Messenger {Dex+4 Int+1 Stlth+}
                                o - ring of the Mage {Wiz MR++ Int+3}

@: about to teleport, ice-form, very slow, extremely resistant to hostile
enchantments, stealthy
A: (retaliatory headbutt), (horns 0), (icy blue scales 0), (iridescent scales
0), (thin metallic scales 0), agile 1, clarity, (cold resistance 0), (deformed
body), regeneration 1, evolution 1, no device heal 1
a: End Transformation, Bend Time, Temporal Distortion, Slouch, Step From Time,
Renounce Religion
}: 1/15 runes: gossamer


You were on level 2 of the Shoals.
You worshipped Cheibriados.
Cheibriados was exalted by your worship.
You were hungry.
You were a creature of crystalline ice.
You visited 7 branches of the dungeon, and saw 36 of its levels.
You also visited: Labyrinth and Ice Cave.

You collected 3457 gold pieces.
You spent 503 gold pieces at shops.

Inventory:

Hand weapons
 Q - a +0 blowgun
Missiles
 e - 20 tomahawks
 r - 8 curare-tipped needles
 y - 6 tomahawks of returning
 E - 3 javelins (quivered)
 L - 71 poisoned needles
 T - 4 throwing nets
Armour
 f - a +1 pair of boots (melded)
 h - a +1 shield of protection (melded)
 t - a +2 pair of gloves of archery (melded)
 J - a +3 leather armour of poison resistance (melded)
 N - the +2 cloak of the Thief (melded) {+Fog Slay-2 SInv Stlth+}
   (You found it on level 8 of the Lair of Beasts)

   It affects your accuracy and damage with ranged weapons and melee attacks
   (-2).
   It enhances your eyesight.
   It can be evoked to emit clouds of fog.
   It makes you more stealthy.
Magical staves
 n - an uncursed staff of power (melded)
Rods
 k - a +0 rod of clouds (10/10)
   (You found it on level 2 of the Shoals)
Jewellery
 j - an uncursed ring of invisibility
 o - the ring of the Mage (left front paw) {Wiz MR++ Int+3}
   (You found it on level 1 of the Spider Nest)

   [ring of wizardry]

   It improves your spell success rate.
   It affects your intelligence (+3).
   It affects your resistance to hostile enchantments.
 s - an uncursed ring of protection from fire
 x - an amulet of guardian spirit (around neck)
 D - the ring of the Messenger (right front paw) {Dex+4 Int+1 Stlth+}
   (You found it on level 14 of the Dungeon)

   [ring of stealth]

   It affects your intelligence (+1).
   It affects your dexterity (+4).
   It makes you more stealthy.
 Z - an uncursed ring of teleportation
Magical devices
 b - a wand of enslavement (13)
 c - a wand of draining (5)
 g - a wand of disintegration (6)
 q - a wand of frost (10)
 B - a wand of digging (17)
 F - a wand of fire (1)
 I - a wand of magic darts (7)
 M - a wand of disintegration (9)
 W - a wand of cold (4)
 X - a wand of cold (8)
Scrolls
 a - a scroll of vulnerability
 i - 5 scrolls of teleportation
 m - 7 scrolls of fog
 v - 9 scrolls of remove curse
 A - 5 scrolls of fear
 H - a scroll of summoning
 R - 2 scrolls of recharging
 S - a scroll of holy word
 U - a scroll of enchant armour
 V - 3 scrolls of identify
Potions
 d - a potion of cancellation
 p - a potion of magic
 w - 6 potions of might
 z - 2 potions of brilliance
 C - 6 potions of curing
 K - 3 potions of invisibility
 O - a potion of porridge
 Y - 2 potions of agility
Miscellaneous
 G - a lamp of fire
Comestibles
 u - 14 meat rations
 P - 13 bread rations


   Skills:
 - Level 10.0 Fighting
 - Level 5.5 Armour
 - Level 8.5 Dodging
 - Level 0.1 Stealth
 - Level 10.4 Shields
 - Level 14.7 Unarmed Combat
 - Level 10.0 Spellcasting
 - Level 7.2 Charms
 - Level 5.1 Necromancy
 - Level 5.7 Translocations
 + Level 7.9 Transmutations
 - Level 5.0 Fire Magic
 - Level 4.3 Ice Magic
 + Level 7.9 Earth Magic
 - Level 10.3 Invocations
 - Level 2.2 Evocations


You had 6 spell levels left.
You knew the following spells:

 Your Spells              Type           Power        Failure   Level  Hunger
a - Blink                 Tloc           N/A          1%          2    None
b - Lee's Rapid Deconstr  Erth           ######....   1%          5    ##.....
c - Blade Hands           Trmt           ######....   1%          5    ##.....
d - Ice Form              Ice/Trmt       ######..     1%          4    None
e - Shroud of Golubria    Chrm/Tloc      ######....   1%          2    None
f - Song of Slaying       Chrm           ######..     1%          2    None
g - Regeneration          Chrm/Necr      ######....   1%          3    None
h - Animate Skeleton      Necr           N/A          1%          1    None
i - Stoneskin             Trmt/Erth      ######..     1%          2    None
j - Ignite Poison         Fire/Trmt      ######....   2%          5    ##.....


Dungeon Overview and Level Annotations

Branches:
Dungeon (15/15)            Temple (1/1) D:7             Orc (4/4) D:11
    Elf (0/3) Orc:3          Lair (8/8) D:9          Shoals (2/5) Lair:5
 Spider (5/5) Lair:4        Slime (0/6) Lair:8       Vaults (0/5) D:13
 Depths (1/5) D:15

Altars:
Cheibriados
Dithmenos
Elyvilon
Gozag
Kikubaaqudgha
Nemelex Xobeh
Ru
Sif Muna
Trog
Xom
Zin
The Shining One

Shops:
D:4 }   D:11 *   D:14 *   D:15 (   Orc:1 %   Orc:4 [[}[   Shoals:1 (
Depths:1 }

Portals:
Trove: D:15 (give 13 potions of heal wounds)


Innate Abilities, Weirdness & Mutations

((You reflexively headbutt those who attack you in melee.))
((You have a pair of large horns on your head.))
((You are partially covered in icy blue scales (AC +1).))
((You are partially covered in iridescent scales (AC +4).))
((You are partially covered in thin metallic scales (AC +2).))
You are agile. (Dex +2)
You possess an exceptional clarity of mind.
((Your flesh is cold resistant.))
((Armour fits poorly on your strangely shaped body.))
Your natural rate of healing is unusually fast.
You evolve.
Potions and wands are less effective at restoring your health.


Message History

Your manticore skeleton completely misses the merfolk impaler.
Your manticore skeleton misses the merfolk impaler.
Your manticore skeleton claws the merfolk impaler!
The merfolk misses you. x2
The merfolk impaler barely misses you.
The merfolk impaler hits you from afar with a runed trident!
* * * LOW HITPOINT WARNING * * *
You are lethally poisoned!
Drink which item? (? for menu, Esc to quit)
You feel better.
The merfolk impaler hits you from afar with a demon trident of pain!
* * * LOW HITPOINT WARNING * * *
You writhe in agony.
* * * LOW HITPOINT WARNING * * *
Your manticore skeleton misses the merfolk impaler.
Your manticore skeleton completely misses the merfolk impaler. x2
Your manticore skeleton closely misses the merfolk impaler.
Your manticore skeleton claws the merfolk impaler. x2
The merfolk impaler hits you from afar with a trident of venom!
You die...

. . ≈≈ ≈≈.. .... .≈≈≈≈
≈≈≈.. ..... #.≈≈≈≈ ≈≈≈≈≈.
.... #.≈≈≈≈ ≈≈≈≈≈..#...
..####.≈≈≈≈ ≈≈≈≈≈.....
.....##.≈≈≈≈ ≈≈≈≈≈≈..$#
...$...≈≈≈≈≈ ≈≈≈≈≈≈≈≈..#
#..≈≈≈..≈≈.. ≈≈≈≈≈≈≈≈Y.##
#...≈≈.....
≈≈≈≈≈≈≈≈≈...###........#.
≈≈≈≈≈≈mmmmZ.#(........(.
≈≈≈≈≈≈≈mmZ.(...........>
≈≈≈≈≈≈≈≈≈.Z.((.........≈
≈≈≈≈≈≈≈≈≈Z)......###...
≈≈≈≈≈≈≈≈≈≈≈......##...
≈≈≈≈≈≈≈≈≈≈≈........≈.
≈≈≈≈≈≈≈≈≈≈≈≈≈..≈≈≈.


You could see 2 merfolk impalers, 4 merfolk, 2 friendly manticore skeletons and
2 friendly snapping turtle skeletons.

Vanquished Creatures
  An Ice Fiend (IceCv)
  Rupert (Lair:4)
  Roxanne (Spider:3)
  Wiglaf (Spider:3)
  A frost giant (Shoals:2)
  Aizul (Spider:4)
  4 ghost moths
  Gastronok (Lair:3)
  5 emperor scorpions
  The ghost of tedric the Transmogrifier, a powerful VSTm of Cheibriados (Spider:4)
  An ettin (Depths:1)
  Snorg (Lair:4)
  Josephine (Orc:2)
  A minotaur (Lab)
  Harold (Lair:6)
  2 rakshasas (D:15)
  12 hydras
  A great orb of eyes (Depths:1)
  A shining eye (shapeshifter) (D:15)
  2 deep troll earth magi (Depths:1)
  2 ogre magi (Orc:4)
  2 dancing weapons (D:13)
  5 centaur warriors
  2 deep troll shamans (Depths:1)
  A tengu warrior (D:14)
  A giant orange brain (D:15)
  6 ice devils (IceCv)
  A catoblepas (Lair:8)
  13 orb spiders
  4 deep trolls
  8 hill giants
  Erolcha (Orc:2)
  4 sea snakes
  3 ice statues (IceCv)
  4 harpies (Shoals:2)
  An orc knight (Orc:3)
  32 wolf spiders
  A mana viper (shapeshifter) (D:15)
  4 ugly thing zombies (D:14)
  A lindwurm (Lair:7)
  2 unseen horrors
  14 cyclopes
  9 red wasps
  22 ugly things
  A moth of wrath (Spider:5)
  An oklob plant (Lair:2)
  6 manticores
  Maurice (D:10)
  A centaur zombie (D:15)
  A siren (Shoals:2)
  4 gargoyles
  6 black mambas
  A centaur skeleton (D:15)
  An efreet (D:9)
  2 torpor snails
  Psyche (Orc:2)
  9 spiny frogs
  4 kobold demonologists
  2 yaktaurs
  2 fire drakes
  13 demonic crawlers
  2 anaconda simulacra (IceCv)
  8 komodo dragons
  Grinder (D:6)
  A golden dragon simulacrum (IceCv)
  A hydra zombie (D:9)
  14 trolls
  46 jumping spiders
  3 wind drakes (Shoals:1)
  7 merfolk
  A merfolk (shapeshifter) (D:15)
  Sonja (D:12)
  4 two-headed ogres
  A harpy skeleton (Shoals:2)
  9 polar bears
  A snapping turtle (Shoals:2)
  6 blue devils (IceCv)
  Prince Ribbit (D:7)
  5 boulder beetles
  13 blink frogs
  8 slime creatures
  A hydra skeleton (D:9)
  4 ravens (D:14)
  24 trapdoor spiders
  A shadow (D:15)
  A dire elephant simulacrum (IceCv)
  41 redbacks
  48 yaks
  A vampire (D:13)
  3 wraiths
  A fire dragon skeleton (D:13)
  29 tarantellas
  A tarantella (shapeshifter) (D:15)
  4 basilisks
  A steam dragon (Lair:7)
  3 deep elf magi
  9 hogs (Lair:8)
  13 hippogriffs
  2 vampire mosquitoes (D:14)
  A hill giant zombie (D:13)
  Grum (D:10)
  2 wyverns
  34 wolves
  4 harpy simulacra (IceCv)
  3 hill giant skeletons
  4 hell hounds (Lair:8)
  2 soldier ants
  A hungry ghost (D:12)
  7 porcupines
  6 wargs
  3 mottled dragons
  An iron troll simulacrum (IceCv)
  60 spiders
  A water moccasin (shapeshifter) (D:15)
  5 sky beasts
  13 black bears
  11 water moccasins
  A hydra simulacrum (IceCv)
  A swamp drake (D:11)
  2 yellow wasps
  18 orc warriors
  15 ice beasts
  4 boggarts (D:15)
  26 ogres
  3 phantoms
  8 crocodiles
  17 centaurs
  A boring beetle (Spider:1)
  Blork the orc (Orc:1)
  21 giant frogs
  4 big kobolds
  A gnoll sergeant (Orc:4)
  4 killer bees (D:13)
  A wyvern skeleton (D:14)
  A cyclops skeleton (D:11)
  10 scorpions
  A yak zombie (D:10)
  2 yak skeletons
  A troll skeleton (D:13)
  8 wights
  2 vampire bats (Lair:3)
  An electric eel (Spider:3)
  A goliath beetle (D:6)
  13 crimson imps
  13 jellies
  11 worker ants
  27 hounds
  An elf zombie (D:10)
  27 orc priests
  24 orc wizards
  11 iguanas
  21 sheep
  A big kobold zombie (D:9)
  An ogre skeleton (D:6)
  A hound zombie (D:7)
  A mummy (D:12)
  A worker ant zombie (D:9)
  23 adders
  40 green rats
  3 gnolls (Orc:4)
  A scorpion zombie (D:5)
  3 shadow imps
  3 worms
  3 giant mites
  2 orc zombies
  5 giant geckos
  16 oozes
  153 orcs
  3 bat zombies (D:2)
  8 giant cockroaches
  13 hobgoblins
  8 jackals
  14 quokkas
  5 ball pythons
  14 bats
  4 giant newts
  A giant spore (D:11)
  23 goblins
  A goblin simulacrum (Orc:2)
  A hobgoblin skeleton (D:4)
  31 kobolds
  A kobold skeleton (D:6)
  An orc simulacrum (Orc:2)
  3 orc skeletons
  21 rats
  A rat zombie (D:2)
  17 ballistomycetes
  A butterfly (Lair:6)
  A plant (Lair:8)
1450 creatures vanquished.

Vanquished Creatures (collateral kills)
  A stone giant (Orc:4)
  A sea snake (Shoals:1)
  4 harpies (Shoals:2)
  A cyclops (Shoals:2)
  2 sirens (Shoals:1)
  A manticore (Shoals:2)
  3 merfolk (Shoals:1)
  2 snapping turtles
  3 two-headed ogres (Orc:4)
  2 hippogriffs (Shoals:1)
  A water moccasin (Lair:7)
  A spider (Spider:3)
  An ogre (Orc:4)
  5 killer bees (D:13)
  An orc wizard (D:9)
  A worker ant (D:11)
  A mummy (D:11)
  9 orcs (Orc:4)
  A hobgoblin (D:11)
  A goblin (Orc:4)
  A fungus (Lair:7)
43 creatures vanquished.

Vanquished Creatures (others)
  A sea snake skeleton (Shoals:2)
  A harpy skeleton (Shoals:2)
  2 jumping spiders
  A yak (D:11)
  3 hill giant skeletons
  5 cyclops skeletons (Shoals:2)
  3 wights (D:11)
  2 troll skeletons (Orc:4)
  2 two-headed ogre skeletons
  An ogre skeleton (Orc:4)
  An adder (Lair:5)
  A giant spore (D:6)
  A gnoll skeleton (Orc:4)
  25 orc skeletons (Orc:4)
  7 fungi
  5 plants
61 creatures vanquished.

Grand Total: 1554 creatures vanquished

Notes
Turn   | Place    | Note
--------------------------------------------------------------
     0 | D:1      | Psiweapon, the Minotaur Transmuter, began the quest for the Orb.
     0 | D:1      | Reached XP level 1. HP: 16/16 MP: 2/2
   178 | D:1      | Reached XP level 2. HP: 23/23 MP: 0/2
   188 | D:1      | Learned a level 2 spell: Sticks to Snakes
   956 | D:2      | Reached XP level 3. HP: 4/28 MP: 2/4
  1396 | D:2      | Reached skill level 4 in Unarmed Combat
  1759 | D:2      | Reached XP level 4. HP: 36/36 MP: 3/4
  1778 | D:2      | Found an ancient bone altar of Kikubaaqudgha.
  2232 | D:3      | Found a deep blue altar of Sif Muna.
  2248 | D:3      | Gained mutation: You can spit poison. [potion of mutation]
  2248 | D:3      | Gained mutation: You are frail (-10% HP). [potion of mutation]
  2248 | D:3      | Gained mutation: Your vision is a little blurry. [potion of mutation]
  3160 | D:4      | Reached XP level 5. HP: 16/36 MP: 6/6
  3337 | D:4      | Found Sagaadgh's Gadget Emporium.
  3344 | D:4      | Bought a wand of magic darts (23) for 82 gold pieces
  3958 | D:4      | Reached skill level 5 in Unarmed Combat
  4043 | D:4      | Reached XP level 6. HP: 43/43 MP: 5/7
  4078 | D:4      | Found a shadowy altar of Dithmenos.
  4668 | D:5      | Entered Level 5 of the Dungeon
  4820 | D:5      | Reached skill level 6 in Unarmed Combat
  4856 | D:5      | Reached XP level 7. HP: 37/49 MP: 6/8
  5278 | D:5      | Found a glowing golden altar of the Shining One.
  5320 | D:5      | Reached skill level 7 in Unarmed Combat
  5755 | D:6      | Reached skill level 5 in Transmutations
  5755 | D:6      | Reached XP level 8. HP: 54/54 MP: 8/8
  5857 | D:6      | Reached skill level 8 in Unarmed Combat
  5965 | D:6      | Found a bloodstained altar of Trog.
  5969 | D:6      | Found a glowing golden altar of the Shining One.
  5969 | D:6      | Found a sparkling altar of Nemelex Xobeh.
  6194 | D:6      | Noticed Grinder
  6206 | D:6      | Killed Grinder
  6439 | D:6      | Reached skill level 9 in Unarmed Combat
  7468 | D:7      | Found a staircase to the Ecumenical Temple.
  7477 | Temple   | Entered the Ecumenical Temple
  7536 | Temple   | Became a worshipper of Cheibriados the Contemplative
  7600 | D:7      | Reached XP level 9. HP: 60/60 MP: 8/10
  7709 | D:7      | Reached skill level 1 in Invocations
  7976 | D:7      | Noticed a troll
  7987 | D:7      | Killed a troll
  7987 | D:7      | Reached skill level 10 in Unarmed Combat
  8201 | D:7      | Noticed Prince Ribbit
  8221 | D:7      | Killed Prince Ribbit
  8358 | D:7      | Gained mutation: Your spells are a little easier to cast, but a little less powerful. [potion of mutation]
  8358 | D:7      | Gained mutation: You evolve. [potion of mutation]
  8365 | D:7      | Learned a level 5 spell: Blade Hands
  8370 | D:7      | Learned a level 4 spell: Ice Form
  9094 | D:8      | Reached skill level 1 in Ice Magic
  9157 | D:9      | Found a staircase to the Lair.
  9465 | D:9      | Noticed an efreet
  9471 | D:9      | Killed an efreet
  9471 | D:9      | Reached skill level 5 in Dodging
  9471 | D:9      | Reached XP level 10. HP: 42/65 MP: 8/14
  9597 | D:9      | Noticed a four-headed hydra
  9786 | D:9      | Got a slimy war axe
 10016 | D:9      | Lost mutation: You are frail (-10% HP). [mutagenic meat]
 10017 | D:9      | Gained mutation: Your vision is quite blurry. [mutagenic meat]
 10411 | D:9      | Acquired Cheibriados' first power
 10542 | Lair:1   | Entered Level 1 of the Lair of Beasts
 10804 | Lair:1   | Noticed a five-headed hydra
 10872 | Lair:1   | Identified the cursed +1 war axe of Ash {freeze, *Tele Dex+2} (You took it off an orc on level 9 of the Dungeon)
 10900 | Lair:1   | Reached skill level 1 in Shields
 11201 | Lair:2   | Noticed a black mamba
 11205 | Lair:2   | Killed a black mamba
 11205 | Lair:2   | Reached XP level 11. HP: 79/79 MP: 14/18
 11269 | Lair:2   | Noticed an oklob plant
 11292 | Lair:2   | Acquired Cheibriados' second power
 11381 | Lair:2   | Learned a level 2 spell: Shroud of Golubria
 11384 | Lair:2   | Learned a level 2 spell: Song of Slaying
 11388 | Lair:2   | Learned a level 3 spell: Regeneration
 11456 | Lair:2   | Noticed a seven-headed hydra
 11487 | Lair:2   | Reached skill level 5 in Spellcasting
 12123 | Lair:3   | Reached skill level 5 in Invocations
 12126 | Lair:3   | Acquired Cheibriados' third power
 12126 | Lair:3   | Reached skill level 5 in Shields
 12297 | Lair:3   | Gained mutation: Your mind is acute. (Int +2) [evolution]
 12479 | Lair:3   | Noticed Gastronok
 12501 | Lair:3   | Killed Gastronok
 12774 | Lair:3   | Noticed a four-headed hydra
 12784 | Lair:3   | Killed a four-headed hydra
 13520 | Lair:4   | Reached XP level 12. HP: 85/85 MP: 23/23
 13561 | Lair:4   | Noticed Snorg
 13569 | Lair:4   | Killed Snorg
 13622 | Lair:4   | Gained mutation: Your body is slowly deteriorating. [evolution]
 13768 | Lair:4   | Noticed Rupert
 13777 | Lair:4   | Killed Rupert
 13777 | Lair:4   | Reached skill level 11 in Unarmed Combat
 13804 | Lair:4   | Learned a level 1 spell: Animate Skeleton
 13809 | Lair:4   | Identified a scroll of acquirement
 13843 | Lair:4   | Found a hole to the Spider Nest.
 14127 | Lair:5   | Noticed a five-headed hydra
 14141 | Lair:5   | Killed a five-headed hydra
 14177 | Lair:5   | Found a labyrinth entrance.
 14211 | Lab      | Entered a labyrinth
 14600 | Lab      | Noticed a minotaur
 14605 | Lab      | Killed a minotaur
 14608 | Lab      | Got a twisted triple sword {venom}
 14621 | Lab      | Got a bloodstained chain mail
 14632 | Lab      | Identified the cursed -2 chain mail "Utyffaekk" {Slay+5} (You found it in a labyrinth)
 14645 | Lab      | Identified the cursed +2 triple sword of the Empty Page {venom, rElec rF+ Int+4} (You took it off a minotaur in a labyrinth)
 14707 | Lair:5   | Learned a level 2 spell: Stoneskin
 14926 | Lair:2   | Killed a seven-headed hydra
 14962 | Lair:2   | Noticed a seven-headed hydra
 14971 | Lair:2   | Killed a seven-headed hydra
 14971 | Lair:2   | Reached skill level 12 in Unarmed Combat
 15481 | Lair:1   | Killed a five-headed hydra
 15748 | D:9      | Killed a four-headed hydra
 15776 | D:9      | Noticed a kobold demonologist
 15785 | D:9      | Killed a kobold demonologist
 15863 | D:10     | Entered Level 10 of the Dungeon
 16042 | D:10     | Noticed Maurice
 16055 | D:10     | Killed Maurice
 16055 | D:10     | Reached XP level 13. HP: 64/96 MP: 11/23
 16238 | D:10     | Noticed Grum
 16253 | D:10     | Killed Grum
 16917 | D:11     | Reached skill level 5 in Fighting
 16925 | D:11     | Found Gozag's Platinum Reserve.
 16931 | D:11     | Found an opulent altar of Gozag.
 17039 | D:11     | Found a staircase to the Orcish Mines.
 17288 | Lair:1   | Noticed an eight-headed hydra
 17296 | Lair:1   | Killed an eight-headed hydra
 17362 | Lair:2   | Killed an oklob plant
 17661 | Lair:5   | Found a staircase to the Shoals.
 17859 | Lair:5   | Reached skill level 13 in Unarmed Combat
 17968 | Lair:5   | Lost mutation: Your vision is quite blurry. [evolution]
 18228 | Lair:6   | Noticed Harold
 18242 | Lair:6   | Killed Harold
 18242 | Lair:6   | Reached skill level 10 in Invocations
 18759 | Lair:6   | Gained mutation: You are covered in fur (AC +1). [potion of beneficial mutation]
 18954 | Lair:7   | Reached skill level 1 in Earth Magic
 18962 | Lair:8   | Entered Level 8 of the Lair of Beasts
 19303 | Lair:7   | Got an ancient ring mail
 19842 | Lair:8   | Reached XP level 14. HP: 55/116 MP: 3/24
 19994 | Lair:7   | Identified the cursed -4 ring mail of the Exiled Gods {+Inv +Fly} (You found it on level 7 of the Lair of Beasts)
 20142 | Lair:8   | Found a staircase to the Slime Pits.
 20409 | Lair:8   | Reached skill level 14 in Unarmed Combat
 20676 | Lair:8   | Identified the Incunabulum of Self-Knowledge and Translocation (You found it on level 8 of the Lair of Beasts)
 20680 | Lair:8   | Learned a level 2 spell: Blink
 21070 | Lair:5   | Reached skill level 10 in Fighting
 21495 | D:11     | Found a glowing golden altar of the Shining One.
 21684 | D:12     | Reached skill level 1 in Evocations
 21896 | D:12     | You fall through a shaft for 3 floors!
 21896 | D:15     | Entered Level 15 of the Dungeon
 22035 | D:15     | Lost mutation: Your spells are a little easier to cast, but a little less powerful. [mutagenic meat]
 22045 | D:15     | Found a staircase to the Depths.
 22055 | D:15     | Gained mutation: Potions and wands are less effective at restoring your health. [a shining eye]
 22064 | D:15     | Gained mutation: Your flesh is cold resistant. [a shining eye]
 22281 | D:15     | Found Lyuqeth's Antique Weapon Emporium.
 22671 | D:14     | Gained mutation: You expend magic power (6 MP) to slightly strengthen your wands. [mutagenic meat]
 22672 | D:14     | Lost mutation: Your vision is a little blurry. [mutagenic meat]
 22673 | D:14     | Lost mutation: You expend magic power (6 MP) to slightly strengthen your wands. [mutagenic meat]
 22758 | D:14     | Gained mutation: You have sharp toenails. [mutagenic meat]
 22759 | D:14     | Gained mutation: You have a pair of large horns on your head. [mutagenic meat]
 22968 | D:13     | Found a gate to the Vaults.
 22996 | D:13     | Gained mutation: Your spells are a little harder to cast, but a little more powerful. [mutagenic meat]
 22997 | D:13     | Lost mutation: You can spit poison. [mutagenic meat]
 23199 | D:12     | Reached XP level 15. HP: 120/126 MP: 26/28
 23435 | D:12     | Noticed Sonja
 23436 | D:12     | Killed Sonja
 23786 | D:10     | Gained mutation: You are partially covered in iridescent scales (AC +4). [evolution]
 23786 | D:10     | Lost mutation: You evolve. [end of evolution]
 23864 | Lair:2   | Learned a level 5 spell: Lee's Rapid Deconstruction
 24792 | D:14     | Found Fudyn's Assorted Antiques.
 24806 | D:14     | Bought a fizzy yellow potion for 31 gold pieces
 24806 | D:14     | Bought a scroll labeled XYEPEE MAAVEET for 35 gold pieces
 24806 | D:14     | Bought a scroll of identify for 70 gold pieces
 24806 | D:14     | Bought a potion of might for 87 gold pieces
 25197 | D:14     | Gained mutation: You expend magic power (6 MP) to slightly strengthen your wands. [mutagenic meat]
 25199 | D:14     | Lost mutation: You have a pair of large horns on your head. [mutagenic meat]
 25201 | D:14     | Gained mutation: You are partially covered in icy blue scales (AC +1). [mutagenic meat]
 25202 | D:14     | Lost mutation: You are covered in fur (AC +1). [mutagenic meat]
 25205 | D:14     | Gained mutation: Your natural rate of healing is unusually fast. [mutagenic meat]
 25207 | D:14     | Lost mutation: Your body is slowly deteriorating. [mutagenic meat]
 25209 | D:14     | Gained mutation: You are agile. (Dex +2) [mutagenic meat]
 25338 | D:14     | Got a heavily runed platinum ring
 25513 | D:15     | Reached skill level 10 in Spellcasting
 25786 | Orc:1    | Entered Level 1 of the Orcish Mines
 25872 | Orc:1    | Found Millod's Food Shop.
 26270 | Orc:2    | Noticed Josephine
 26282 | Orc:2    | Killed Josephine
 26282 | Orc:2    | Reached skill level 5 in Earth Magic
 26668 | Orc:1    | Noticed Blork the orc
 26682 | Orc:1    | Killed Blork the orc
 26871 | Orc:2    | Noticed Erolcha
 26875 | Orc:2    | Noticed Psyche
 26878 | Orc:2    | Killed Erolcha
 26882 | Orc:2    | Killed Psyche
 26882 | Orc:2    | Reached skill level 1 in Charms
 27152 | Orc:3    | Upgraded the game from 0.16-a0-1348-g01787a8 to 0.16-a0-1377-g5fe55b6
 27276 | Orc:3    | Found a staircase to the Elven Halls.
 27745 | Orc:4    | Entered Level 4 of the Orcish Mines
 27749 | Orc:4    | Found an ancient bone altar of Kikubaaqudgha.
 28243 | Orc:4    | Identified the ring of the Messenger {Dex+4 Int+1 Stlth+} (You found it on level 14 of the Dungeon)
 28321 | Orc:4    | Found Grurch's Armour Emporium.
 28322 | Orc:4    | Found Saem's Armour Shoppe.
 28336 | Orc:4    | Reached skill level 1 in Armour
 28344 | Orc:4    | Found Styshrag's Gadget Boutique.
 28363 | Orc:4    | Found Fiaqy's Armour Shoppe.
 28690 | Orc:4    | Bought a +1 shield of protection for 198 gold pieces
 29176 | Spider:1 | Entered Level 1 of the Spider Nest
 29249 | Spider:1 | Reached skill level 1 in Necromancy
 29530 | Spider:1 | Reached skill level 1 in Translocations
 29637 | Spider:1 | Reached XP level 16. HP: 131/134 MP: 29/31
 30822 | Spider:2 | Found a frozen archway.
 30878 | IceCv    | Entered an ice cave
 31284 | IceCv    | Noticed an Ice Fiend
 31300 | IceCv    | Killed an Ice Fiend
 31319 | IceCv    | Lost mutation: You have sharp toenails. [potion of mutation]
 31319 | IceCv    | Gained mutation: You have a pair of large horns on your head. [potion of mutation]
 32988 | Spider:2 | Reached skill level 5 in Armour
 32989 | Spider:2 | Reached skill level 10 in Shields
 33345 | Spider:3 | Noticed Roxanne
 33381 | Spider:3 | Killed Roxanne
 33383 | Spider:3 | Identified Roxanne's Handbook of Transformation and the Rocks (You took it off Roxanne on level 3 of the Spider Nest)
 33537 | Spider:3 | Learned a level 5 spell: Ignite Poison
 33611 | Spider:3 | Noticed Wiglaf
 33619 | Spider:3 | Killed Wiglaf
 33619 | Spider:3 | Reached skill level 1 in Fire Magic
 33643 | Spider:3 | Lost mutation: Your mind is acute. (Int +2) [mutagenic meat]
 33644 | Spider:3 | Gained mutation: You evolve. [mutagenic meat]
 34135 | Spider:4 | Got an emerald-encrusted scale mail
 34136 | Spider:4 | Identified the cursed +4 scale mail of Vaefas {rF+} (You found it on level 4 of the Spider Nest)
 34227 | Spider:4 | Got an ichor-stained scale mail
 34228 | Spider:4 | Identified the cursed -3 scale mail of Incorporation {+Inv rF+ rCorr} (You found it on level 4 of the Spider Nest)
 34330 | Spider:4 | Noticed tedric's ghost (powerful VSTm)
 34374 | Spider:4 | Lost mutation: You expend magic power (6 MP) to slightly strengthen your wands. [evolution]
 34397 | Spider:4 | Killed tedric's ghost
 34516 | Spider:4 | Noticed Aizul
 34540 | Spider:4 | Killed Aizul
 34724 | Spider:4 | Got a twisted broad axe
 34883 | Spider:1 | Reached skill level 5 in Fire Magic
 35109 | Lair:2   | Identified the cursed +2 broad axe of the Blessings {antimagic, +Inv +Fly rN+} (You found it on level 4 of the Spider Nest)
 35510 | Spider:4 | Reached skill level 5 in Necromancy
 35515 | Spider:4 | Reached XP level 17. HP: 140/140 MP: 12/31
 35742 | Spider:5 | Entered Level 5 of the Spider Nest
 35882 | Spider:5 | Reached skill level 5 in Translocations
 36286 | Spider:5 | Reached skill level 5 in Charms
 36478 | Spider:5 | Gained mutation: Armour fits poorly on your strangely shaped body. [mutagenic meat]
 36522 | Spider:5 | Got a gossamer rune of Zot
 36951 | Spider:5 | Gained mutation: You are partially covered in thin metallic scales (AC +2). [mutagenic meat]
 36952 | Spider:5 | Lost mutation: Your spells are a little harder to cast, but a little more powerful. [mutagenic meat]
 36953 | Spider:5 | Gained mutation: You possess an exceptional clarity of mind. [mutagenic meat]
 38208 | D:15     | Found a portal to a secret trove of treasure.
 38609 | Depths:1 | Entered Level 1 of the Depths
 38609 | Depths:1 | Found Smonluob's Gadget Emporium.
 39251 | Shoals:1 | Entered Level 1 of the Shoals
 40058 | Shoals:1 | Found Ylediumpe's Antique Weapon Shop.
 40674 | Shoals:2 | Identified a +0 rod of clouds (10/10) (You found it on level 2 of the Shoals)
 40773 | Shoals:2 | Reached XP level 18. HP: 145/147 MP: 32/32
 40879 | Shoals:2 | HP: 4/176 [merfolk impaler/demon trident of pain (5)]
 40879 | Shoals:2 | Mangled by a merfolk impaler

Action                   |  1- 3 |  4- 6 |  7- 9 | 10-12 | 13-15 | 16-18 || total
-------------------------+-------+-------+-------+-------+-------+-------++-------
Melee: Unarmed           |    92 |   161 |   349 |   543 |  1481 |   819 ||  3445
       Staff             |       |       |       |       |       |    77 ||    77
 Fire: Hunting sling     |       |     6 |     4 |       |       |       ||    10
       Blowgun           |       |       |    18 |     7 |     3 |       ||    28
Throw: Stone             |       |     5 |     6 |       |       |       ||    11
       Tomahawk          |       |       |       |     5 |    52 |    43 ||   100
       Javelin           |       |       |       |     6 |     6 |    21 ||    33
       Throwing net      |       |       |       |       |       |     3 ||     3
 Cast: Beastly Appendage |    23 |    19 |    35 |    17 |       |       ||    94
       Sticks to Snakes  |       |       |     8 |       |       |       ||     8
       Ice Form          |       |       |     2 |    16 |    10 |     8 ||    36
       Blade Hands       |       |       |     1 |    13 |    18 |    11 ||    43
       Shroud of Golubri |       |       |       |    15 |    32 |    22 ||    69
       Song of Slaying   |       |       |       |     7 |    36 |     3 ||    46
       Regeneration      |       |       |       |     3 |     6 |     7 ||    16
       Stoneskin         |       |       |       |     6 |    46 |    35 ||    87
       Animate Skeleton  |       |       |       |     1 |    49 |    26 ||    76
       Ignite Poison     |       |       |       |       |       |    32 ||    32
       Lee's Rapid Decon |       |       |       |       |       |    17 ||    17
       Blink             |       |       |       |       |       |     1 ||     1
Invok: Bend Time         |       |       |     2 |       |       |       ||     2
       Slouch            |       |       |       |     2 |     9 |     6 ||    17
 Abil: Spit Poison       |       |    27 |    31 |     7 |     7 |       ||    72
       End Transformatio |       |       |       |       |     2 |     2 ||     4
       Evoke Fog         |       |       |       |       |     7 |       ||     7
Evoke: Wand              |       |     3 |    14 |     8 |     5 |     6 ||    36
  Use: Scroll            |       |     8 |    12 |    18 |    16 |    17 ||    71
       Potion            |       |     1 |     5 |     2 |    10 |     6 ||    24
 Stab: Distracted        |       |     1 |     1 |     1 |    12 |    10 ||    25
       Sleeping          |       |       |       |     4 |    27 |    24 ||    55
       Held in net/web   |       |       |       |       |       |     2 ||     2
  Eat: Chunk             |     3 |     6 |    13 |    23 |    51 |    21 ||   117
       Meat ration       |       |     1 |       |       |     1 |     1 ||     3
       Fruit             |       |     2 |       |       |       |     4 ||     6
       Beef jerky        |       |       |     3 |     1 |     1 |     3 ||     8
       Pizza             |       |       |       |       |     4 |     2 ||     6
       Bread ration      |       |       |       |       |     1 |       ||     1
